[Event "1.FrauenBL 2018-19"]
[Site "Berlin"]
[Date "2019.03.03"]
[Round "11.4"]
[White "Movsesian, Julia"]
[Black "Brandt, Carina"]
[Result "1-0"]
[ECO "E62"]
[WhiteElo "2302"]
[BlackElo "2076"]
[Annotator "NA"]
[PlyCount "71"]
[EventDate "2018.10.27"]
[EventType "team-tourn"]
[EventCountry "GER"]
[SourceTitle "playchess.com"]
[Source "ChessBase"]
[SourceQuality "1"]
[WhiteTeam "Rodewischer SM"]
[BlackTeam "TuRa Harksheide"]
[TimeControl "40/5400+30:1800+30"]

1. Nf3 Nf6 2. g3 g6 3. Bg2 Bg7 4. O-O O-O 5. d4 d6 6. c4 Nc6 7. Nc3 e5 8. d5 Nb8 9. e4 a5 10. h3 Na6 11. Be3 Nd7 12. a3 f5 13. exf5 gxf5 14. Bg5 Qe8 15. b4 Qg6 16. Ne2 Kh8 17. Qc1 Rg8 18. Nh4 Qf7 19. Kh2 e4 20. Rb1 Ne5 21. f3 exf3 22. Nxf3 axb4 23. axb4 Bd7 24. Nfd4 Qh5 25. Bh4 Nd3 26. Qd2 Be5 27. Kh1 Naxb4 28. Rxb4 Nxb4 29. Qxb4 Ra2 30. Qe1 Qh6 31. Nf3 f4 32. Nxe5 dxe5 33. Nc3 Rxg2 34. Qxe5+ Rg7 35. Kxg2 Kg8 36. Qxf4 1-0

[Event "1.FrauenBL 2018-19"]
[Site "Berlin"]
[Date "2019.03.03"]
[Round "11.4"]
[White "Straub, Natalia"]
[Black "Kiefhaber, Veronika"]
[Result "0-1"]
[ECO "E63"]
[WhiteElo "2146"]
[BlackElo "2151"]
[Annotator "NA"]
[PlyCount "106"]
[EventDate "2018.10.27"]
[EventType "team-tourn"]
[EventCountry "GER"]
[SourceTitle "playchess.com"]
[Source "ChessBase"]
[SourceQuality "1"]
[WhiteTeam "SF Deizisau"]
[BlackTeam "Karlsruher SF"]
[TimeControl "40/5400+30:1800+30"]

1. d4 Nf6 2. c4 g6 3. g3 Bg7 4. Bg2 O-O 5. Nc3 d6 6. Nf3 a6 7. O-O Nc6 8. Re1 Rb8 9. Rb1 e5 10. d5 Ne7 11. e4 c6 12. h3 cxd5 13. cxd5 b5 14. b4 Ne8 15. Nd2 f5 16. Nb3 Bd7 17. Na5 Rc8 18. Qb3 Kh8 19. Bg5 Bf6 20. Bd2 f4 21. Rec1 Qb6 22. Nd1 Rxc1 23. Rxc1 g5 24. Kh2 Ng6 25. Nc6 g4 26. a4 bxa4 27. Qxa4 gxh3 28. Bxh3 Bxh3 29. Kxh3 fxg3 30. fxg3 Qg1 31. Nc3 Qf2 32. Qc2 Bh4 33. Be1 Qf3 34. Kh2 Bg5 35. Ra1 Qh5+ 36. Kg2 Rf3 37. Ne2 Qg4 38. Ng1 Nf4+ 39. Kh1 Rf1 40. Bc3 Rxa1 41. Bxa1 Qxg3 42. Nxe5 dxe5 43. Bxe5+ Kg8 44. d6 Qg4 45. Bxf4 Bxf4 46. Qc4+ Kg7 47. Qd4+ Nf6 48. e5 Qh4+ 49. Kg2 Qg3+ 50. Kf1 Bxe5 51. Qa7+ Kg6 52. d7 Qd3+ 53. Kg2 Nxd7 0-1

[Event "1.FrauenBL 2018-19"]
[Site "Berlin"]
[Date "2019.03.03"]
[Round "11.4"]
[White "Goehler, Antje"]
[Black "Belenkaya, Dina"]
[Result "0-1"]
[ECO "D27"]
[WhiteElo "2099"]
[BlackElo "2360"]
[Annotator "NA"]
[PlyCount "127"]
[EventDate "2018.10.27"]
[EventType "team-tourn"]
[EventCountry "GER"]
[SourceTitle "playchess.com"]
[Source "ChessBase"]
[SourceQuality "1"]
[WhiteTeam "Pankow"]
[BlackTeam "Bad Koenigshofen"]
[TimeControl "40/5400+30:1800+30"]

1. d4 d5 2. Nf3 Nf6 3. c4 dxc4 4. e3 e6 5. Bxc4 a6 6. O-O c5 7. dxc5 Bxc5 8. Qxd8+ Kxd8 9. Rd1+ Ke7 10. b3 Bd7 11. Bb2 Rc8 12. Nbd2 Bb5 13. Rac1 Nbd7 14. a4 Bxc4 15. Nxc4 Bb4 16. Nfe5 Nxe5 17. Nxe5 g5 18. Kf1 h5 19. Rc4 Rxc4 20. Nxc4 Rc8 21. Bxf6+ Kxf6 22. Nd6 Rc6 23. Ne4+ Kg6 24. Rd4 Rb6 25. f4 gxf4 26. exf4 f5 27. Nf2 Bc3 28. Rd3 Rxb3 29. Nd1 Rb1 30. Rxc3 Rxd1+ 31. Ke2 Rb1 32. Rc7 a5 33. Re7 Kf6 34. Rh7 Rb4 35. Rh6+ Kf7 36. Rxh5 Kg6 37. Rg5+ Kf6 38. g3 Rxa4 39. h4 Ra2+ 40. Kd3 b5 41. Kc3 b4+ 42. Kb3 Ra3+ 43. Kb2 Rd3 44. h5 a4 45. h6 Rd2+ 46. Kc1 Rh2 47. Rg8 Rxh6 48. Rf8+ Ke7 49. Rb8 Rh1+ 50. Kb2 Rh2+ 51. Kb1 b3 52. Rb4 Ra2 53. Rb6 Kd7 54. Kc1 Kc7 55. Ra6 a3 56. Kb1 Kb7 57. Ra4 Kc6 58. Ra8 Kc5 59. Ra4 Kb5 60. Ra8 Kc4 61. Ra6 Rb2+ 62. Ka1 Rg2 63. g4 Rxg4 {Nb1 [%clk ] Kxd3 [%clk ]} 64. Ra4+ {--- [%clk ] Rd7 [%clk ]} 0-1

[Event "1.FrauenBL 2018-19"]
[Site "Berlin"]
[Date "2019.03.03"]
[Round "11.5"]
[White "Zakurdjaeva, Irina"]
[Black "Wolf, Sylvia"]
[Result "1-0"]
[ECO "B92"]
[WhiteElo "2231"]
[BlackElo "1993"]
[Annotator "NA"]
[PlyCount "123"]
[EventDate "2018.10.27"]
[EventType "team-tourn"]
[EventCountry "GER"]
[SourceTitle "playchess.com"]
[Source "ChessBase"]
[SourceQuality "1"]
[WhiteTeam "Bad Koenigshofen"]
[BlackTeam "Pankow"]
[TimeControl "40/5400+30:1800+30"]

1. e4 c5 2. Nf3 d6 3. d4 cxd4 4. Nxd4 Nf6 5. Nc3 a6 6. Be2 e5 7. Nb3 Be6 8. O-O Qc7 9. Be3 Nbd7 10. Kh1 Be7 11. f4 Rc8 12. f5 Bc4 13. Bxc4 Qxc4 14. Qf3 h5 15. Rad1 b5 16. a3 h4 17. Rfe1 Qc7 18. Nd2 Qb7 19. Nf1 Rxc3 20. bxc3 Qxe4 21. Qxe4 Nxe4 22. Bg1 Nxc3 23. Rd3 Na4 24. g4 hxg3 25. Nxg3 Nac5 26. Rd5 Nf6 27. Rdd1 Nfd7 28. Rd5 Nf6 29. Rdd1 Nfd7 30. Bxc5 Nxc5 31. Ne4 Nxe4 32. Rxe4 Rh5 33. Rf1 Rh4 34. Rxh4 Bxh4 35. Rd1 Ke7 36. Kg2 Kd7 37. Kf3 Kc6 38. Ke4 Bf6 39. Rd3 a5 40. Rc3+ Kb6 41. Kd5 b4 42. axb4 a4 43. Rc8 Kb7 44. Rc3 Kb6 45. Ra3 Kb5 46. c3 Bg5 47. Ra2 Bf4 48. h3 f6 49. Kxd6 e4+ 50. Kd5 e3 51. Ke4 Be5 52. Kd3 Bf4 53. h4 Bh6 54. Ra1 Bf4 55. h5 Bg5 56. Rb1 a3 57. c4+ Ka4 58. b5 a2 59. Ra1 Kb3 60. c5 Bf4 61. b6 Kb2 62. Rxa2+ {[%emt 0:00:33] --- [%clk ] Ke4+ [%clk ]} 1-0

[Event "1.FrauenBL 2018-19"]
[Site "Berlin"]
[Date "2019.03.03"]
[Round "11.5"]
[White "Bluhm, Sonja Maria"]
[Black "Sieber, Fiona"]
[Result "1-0"]
[ECO "B20"]
[WhiteElo "2222"]
[BlackElo "2331"]
[Annotator "NA"]
[PlyCount "85"]
[EventDate "2018.10.27"]
[EventType "team-tourn"]
[EventCountry "GER"]
[SourceTitle "playchess.com"]
[Source "ChessBase"]
[SourceQuality "1"]
[WhiteTeam "Hofheim"]
[BlackTeam "SK Lehrte"]
[TimeControl "40/5400+30:1800+30"]

1. e4 c5 2. d3 Nc6 3. g3 g6 4. Bg2 Bg7 5. f4 d6 6. Nf3 Nf6 7. O-O O-O 8. c3 Rb8 9. h3 b5 10. g4 b4 11. c4 Ne8 12. Qe1 Nd4 13. Nxd4 Bxd4+ 14. Kh1 e6 15. Nd2 f5 16. Nf3 fxg4 17. hxg4 Bg7 18. Qg3 Qe7 19. Rf2 Bb7 20. Be3 Nf6 21. Nh4 Nd7 22. Rg1 Rbe8 23. g5 Rf7 24. Bf3 Nb8 25. Rh2 Nc6 26. Qh3 Bd4 27. Bxd4 Nxd4 28. Nxg6 Qc7 29. Bh5 Rg7 30. Ne5 Rf8 31. Ng4 Rxf4 32. Nf6+ Kf8 33. Bg4 d5 34. Nh5 dxe4 35. Nxf4 Qxf4 36. Rf1 Nf3 37. dxe4 Rf7 38. Bxf3 Bxe4 39. Bxe4 Qxe4+ 40. Kg1 Qd4+ 41. Rhf2 Ke7 42. Qg3 e5 43. Kh2 1-0

[Event "1.FrauenBL 2018-19"]
[Site "Berlin"]
[Date "2019.03.03"]
[Round "11.5"]
[White "Waechter, Nathalie"]
[Black "Miturova, Magdalena"]
[Result "1/2-1/2"]
[ECO "E33"]
[WhiteElo "2038"]
[BlackElo "2235"]
[Annotator "NA"]
[PlyCount "115"]
[EventDate "2018.10.27"]
[EventType "team-tourn"]
[EventCountry "GER"]
[SourceTitle "playchess.com"]
[Source "ChessBase"]
[SourceQuality "1"]
[WhiteTeam "TuRa Harksheide"]
[BlackTeam "Rodewischer SM"]
[TimeControl "40/5400+30:1800+30"]

1. d4 Nf6 2. c4 e6 3. Nc3 Bb4 4. Qc2 Nc6 5. Nf3 d6 6. Bd2 O-O 7. a3 Bxc3 8. Bxc3 Qe7 9. e3 a5 10. Be2 d5 11. Nd2 e5 12. dxe5 Nxe5 13. cxd5 Nxd5 14. Bxe5 Qxe5 15. Nf3 Qf6 16. Bd3 g6 17. O-O c6 18. Rad1 Re8 19. Be4 b6 20. Nd4 Ba6 21. Rfe1 Rac8 22. Bxd5 cxd5 23. Qa4 Re7 24. b4 Rc4 25. Rc1 Kg7 26. Rxc4 Bxc4 27. h3 axb4 28. Qxb4 Bd3 29. Qd2 Bc4 30. Rb1 Ra7 31. Qb2 h5 32. Qc3 Kh7 33. Rc1 Ra5 34. Qb4 Kg7 35. Rb1 Ra8 36. a4 Bd3 37. Rb2 Bc4 38. Qxb6 Qxb6 39. Rxb6 Rxa4 40. h4 Ra7 41. Rd6 Rb7 42. g3 Bd3 43. Rc6 Rb1+ 44. Kg2 Be4+ 45. f3 Bd3 46. g4 hxg4 47. fxg4 Be4+ 48. Kg3 Rg1+ 49. Kf4 Rf1+ 50. Ke5 Rh1 51. Rc7 Rxh4 52. Ne6+ Kg8 53. Ng5 Rxg4 54. Kf6 Rxg5 55. Kxg5 Kg7 56. Rd7 Bh1 57. Rd6 Bg2 58. Rd7 1/2-1/2

[Event "1.FrauenBL 2018-19"]
[Site "Berlin"]
[Date "2019.03.03"]
[Round "11.6"]
[White "Hapala, Elisabeth"]
[Black "Agrest, Inna"]
[Result "0-1"]
[ECO "C78"]
[WhiteElo "2143"]
[BlackElo "2265"]
[Annotator "NA"]
[PlyCount "108"]
[EventDate "2018.10.27"]
[EventType "team-tourn"]
[EventCountry "GER"]
[SourceTitle "playchess.com"]
[Source "ChessBase"]
[SourceQuality "1"]
[WhiteTeam "SK Lehrte"]
[BlackTeam "Hofheim"]
[TimeControl "40/5400+30:1800+30"]

1. e4 e5 2. Nf3 Nc6 3. Bb5 a6 4. Ba4 Nf6 5. O-O Bc5 6. c3 b5 7. Bc2 d5 8. d4 dxe4 9. dxe5 Qxd1 10. Rxd1 exf3 11. exf6 gxf6 12. Be4 Bd7 13. Nd2 O-O-O 14. Nxf3 Rhe8 15. Re1 f5 16. Bc2 Rxe1+ 17. Nxe1 Ne5 18. Bf4 Ng6 19. Bg5 Rg8 20. Nd3 Bd6 21. Bf6 c5 22. a4 Kb7 23. axb5 axb5 24. b4 c4 25. Ne1 Nf4 26. g3 Rg6 27. Rd1 Ne2+ 28. Kf1 Nxg3+ 29. hxg3 Rxf6 30. f4 Kc7 31. Nf3 Rh6 32. Nd4 Rh5 33. Kg2 Be7 34. Kf3 Bf6 35. Bxf5 Bxf5 36. Nxf5 Bxc3 37. Kg4 Rh2 38. Nd6 Bxb4 39. Nxb5+ Kb6 40. Nd6 c3 41. Rb1 c2 42. Rxb4+ Kc5 43. Rc4+ Kxd6 44. Kg5 Kd5 45. Rc7 Kd4 46. Kf6 Kd3 47. Kxf7 Rh1 48. f5 c1=Q 49. Rxc1 Rxc1 50. f6 Ke4 51. Kg8 h5 52. f7 Rc8+ 53. Kg7 Kf5 54. Kh6 Kf6 0-1

[Event "1.FrauenBL 2018-19"]
[Site "Berlin"]
[Date "2019.03.03"]
[Round "11.6"]
[White "Kubikova, Hana"]
[Black "Koehler, Inken"]
[Result "1/2-1/2"]
[ECO "D18"]
[WhiteElo "2058"]
[BlackElo "1992"]
[Annotator "NA"]
[PlyCount "77"]
[EventDate "2018.10.27"]
[EventType "team-tourn"]
[EventCountry "GER"]
[SourceTitle "playchess.com"]
[Source "ChessBase"]
[SourceQuality "1"]
[WhiteTeam "Rodewischer SM"]
[BlackTeam "TuRa Harksheide"]
[TimeControl "40/5400+30:1800+30"]

1. d4 d5 2. Nf3 Nf6 3. c4 c6 4. Nc3 dxc4 5. a4 Bf5 6. e3 e6 7. Bxc4 Bb4 8. O-O O-O 9. Qb3 Qb6 10. Na2 Bd6 11. Bd2 Nbd7 12. Rfc1 Ne4 13. Be1 a5 14. h3 Qxb3 15. Bxb3 Nb6 16. Nh4 Bg6 17. Nxg6 hxg6 18. Nc3 Nf6 19. Nb1 Nfd5 20. Na3 Nb4 21. Nc4 Nxc4 22. Bxc4 Rfd8 23. Bxb4 Bxb4 24. Rd1 Rd7 25. Rac1 Rad8 26. Bb3 Be7 27. Kf1 Ra8 28. Bc4 Bf6 29. b3 Rad8 30. Be2 Be7 31. g3 Ba3 32. Ra1 Bb4 33. Rac1 Kf8 34. Bf3 Ke7 35. h4 Kf6 36. Kg2 e5 37. dxe5+ Kxe5 38. Rxd7 Rxd7 39. Rd1 1/2-1/2

[Event "1.FrauenBL 2018-19"]
[Site "Berlin"]
[Date "2019.03.03"]
[Round "11.6"]
[White "Jeske, Kirsten"]
[Black "Gromova, Iulia"]
[Result "1/2-1/2"]
[ECO "B13"]
[WhiteElo "1944"]
[BlackElo "2243"]
[Annotator "NA"]
[PlyCount "120"]
[EventDate "2018.10.27"]
[EventType "team-tourn"]
[EventCountry "GER"]
[SourceTitle "playchess.com"]
[Source "ChessBase"]
[SourceQuality "1"]
[WhiteTeam "Pankow"]
[BlackTeam "Bad Koenigshofen"]
[TimeControl "40/5400+30:1800+30"]

1. e4 c6 2. d4 d5 3. exd5 cxd5 4. h3 Nf6 5. Bd3 Nc6 6. c3 g6 7. Nf3 Qc7 8. O-O Bg7 9. Re1 O-O 10. Bg5 Bf5 11. Ne5 Nxe5 12. dxe5 Ne4 13. Bxe4 Bxe4 14. Nd2 Qxe5 15. Bh4 e6 16. Bg3 Qf5 17. Nxe4 dxe4 18. Qe2 Rfd8 19. Qxe4 Qxe4 20. Rxe4 Rd2 21. Rb4 b6 22. Bf4 Rd5 23. Rc4 Rad8 24. Rc7 R5d7 25. Rxd7 Rxd7 26. Kf1 f5 27. Re1 Kf7 28. Be5 Bxe5 29. Rxe5 Rd2 30. Re2 Rd1+ 31. Re1 Rd5 32. Ke2 Rb5 33. b3 g5 34. Rd1 Ke7 35. Rd4 h5 36. f3 Rc5 37. c4 Ra5 38. a4 Re5+ 39. Kf2 h4 40. f4 gxf4 41. Rxf4 a6 42. Rxh4 b5 43. cxb5 axb5 44. axb5 Rxb5 45. b4 Kf6 46. Rc4 Rb8 47. g4 Ra8 48. gxf5 Kxf5 49. h4 Ra3 50. Rc5+ e5 51. h5 Rh3 52. b5 Rxh5 53. b6 Rh2+ 54. Ke3 Rb2 55. Rc6 Rb3+ 56. Kd2 e4 57. Rh6 Kf4 58. Rh4+ Ke5 59. Rh6 Kd4 60. Rd6+ Kc5 1/2-1/2

[Event "1.FrauenBL 2018-19"]
[Site "Berlin"]
[Date "2019.03.03"]
[Round "11.7"]
[White "Socko, Monika"]
[Black "Exler, Veronika"]
[Result "1/2-1/2"]
[ECO "B13"]
[WhiteElo "2442"]
[BlackElo "2287"]
[Annotator "NA"]
[PlyCount "94"]
[EventDate "2018.10.27"]
[EventType "team-tourn"]
[EventCountry "GER"]
[SourceTitle "playchess.com"]
[Source "ChessBase"]
[SourceQuality "1"]
[WhiteTeam "Hamburger SK"]
[BlackTeam "FC Bayern Muenchen"]
[TimeControl "40/5400+30:1800+30"]

1. e4 c6 2. d4 d5 3. exd5 cxd5 4. Bd3 Nc6 5. c3 Qc7 6. Ne2 Bg4 7. O-O e6 8. Qe1 Bxe2 9. Qxe2 Bd6 10. Qg4 g6 11. Qh4 Be7 12. Qh3 Bf6 13. Na3 Nge7 14. Bh6 Nf5 15. Nb5 Qd7 16. Bxf5 gxf5 17. a4 a6 18. Na3 Rg8 19. b4 Ne7 20. b5 a5 21. Bd2 b6 22. Qd3 Rd8 23. Rfe1 Rg4 24. Re3 Kf8 25. Rg3 Rxg3 26. Qxg3 Ng6 27. Nc2 Kg7 28. Re1 Rg8 29. Qh3 Kh8 30. Qh6 Bg7 31. Qh5 f4 32. Qg5 Qc7 33. h4 h6 34. Qh5 Qc4 35. Qe2 Qxe2 36. Rxe2 f3 37. Re3 fxg2 38. h5 Nh4 39. Rh3 Nf5 40. Bf4 Rc8 41. Kxg2 Rc4 42. Ne3 Nxe3+ 43. Rxe3 Kh7 44. Rf3 Kg8 45. Rg3 Kh7 46. Rf3 Kg8 47. Rg3 Kh7 1/2-1/2

[Event "1.FrauenBL 2018-19"]
[Site "Berlin"]
[Date "2019.03.03"]
[Round "11.7"]
[White "Mar, Karmen"]
[Black "Duessler, Stefanie"]
[Result "0-1"]
[ECO "B40"]
[WhiteElo "2033"]
[BlackElo "2105"]
[Annotator "NA"]
[PlyCount "190"]
[EventDate "2018.10.27"]
[EventType "team-tourn"]
[EventCountry "GER"]
[SourceTitle "playchess.com"]
[Source "ChessBase"]
[SourceQuality "1"]
[WhiteTeam "Hofheim"]
[BlackTeam "SK Lehrte"]
[TimeControl "40/5400+30:1800+30"]

1. e4 c5 2. Nf3 e6 3. g3 Nc6 4. Bg2 g6 5. d4 Bg7 6. dxc5 Qa5+ 7. c3 Qxc5 8. O-O Nf6 9. Qe2 d5 10. Nbd2 Nxe4 11. Nxe4 dxe4 12. Qxe4 O-O 13. Rd1 e5 14. Qh4 f6 15. Be3 Qe7 16. b4 Re8 17. Bc5 Qf7 18. Ne1 Be6 19. b5 Nd8 20. Qb4 Bf8 21. Nc2 Rc8 22. Bd6 Bxd6 23. Rxd6 Qc7 24. Rad1 Nf7 25. R6d2 f5 26. Ne3 e4 27. c4 Qc5 28. Qb2 Ne5 29. Nd5 Nxc4 30. Nf6+ Kf7 31. Qa1 Nxd2 32. Nxe8 Rxe8 33. Rxd2 Rc8 34. Bf1 Qc3 35. Qe1 Rc7 36. h4 Ke7 37. a4 Kf6 38. Qd1 Qc1 39. Qxc1 Rxc1 40. Kg2 Ra1 41. Rd4 Ke5 42. Rb4 b6 43. Bc4 Bd5 44. Bxd5 Kxd5 45. Rb2 Rxa4 46. Rd2+ Rd4 47. Ra2 Kc5 48. Rxa7 h5 49. Re7 Rd6 50. Re5+ Kd4 51. Re8 Kd5 52. Rc8 Re6 53. Rc3 Kd4 54. Rc6 Ke5 55. Rc8 f4 56. gxf4+ Kxf4 57. Rc6 Ke5 58. Rc8 Rf6 59. Rc7 Kf5 60. Kg3 g5 61. hxg5 Kxg5 62. Rc6 h4+ 63. Kg2 Kf5 64. Rc8 Kf4 65. Rc6 Ke5 66. Rc8 h3+ 67. Kxh3 Rxf2 68. Kg3 Rf6 69. Rc3 Rd6 70. Kf2 Rd5 71. Rb3 Rd2+ 72. Ke3 Rh2 73. Rb4 Rh3+ 74. Ke2 Kd5 75. Kd2 Rd3+ 76. Ke2 Rd4 77. Rb1 Kc5 78. Ke3 Rb4 79. Rh1 Kxb5 80. Rh8 Rc4 81. Rb8 Ka5 82. Ra8+ Kb4 83. Ra1 b5 84. Rb1+ Kc5 85. Rh1 b4 86. Rh5+ Kc6 87. Rh8 Kb5 88. Ra8 b3 89. Rb8+ Ka4 90. Ra8+ Kb4 91. Kd2 b2 92. Rb8+ Ka3 93. Ra8+ Kb3 94. Rb8+ Rb4 95. Ke1 {d3 [%clk ]} Z0 {f4 [%clk ] --- [%clk ] Kc2 [%clk ] --- [%clk ] Qa2 [%clk ]} 0-1

[Event "1.FrauenBL 2018-19"]
[Site "Berlin"]
[Date "2019.03.03"]
[Round "11.8"]
[White "Rapport, Jovana"]
[Black "Arakhamia-Grant, Ketevan"]
[Result "1/2-1/2"]
[ECO "A49"]
[WhiteElo "2388"]
[BlackElo "2359"]
[Annotator "NA"]
[PlyCount "150"]
[EventDate "2018.10.27"]
[EventType "team-tourn"]
[EventCountry "GER"]
[SourceTitle "playchess.com"]
[Source "ChessBase"]
[SourceQuality "1"]
[WhiteTeam "SK Schwaebisch Hall"]
[BlackTeam "OSG Baden-Baden"]
[TimeControl "40/5400+30:1800+30"]

1. d4 Nf6 2. Nf3 g6 3. g3 Bg7 4. Bg2 c5 5. dxc5 Qa5+ 6. Nfd2 Qxc5 7. Nb3 Qc7 8. Nc3 Nc6 9. Bg5 Qd8 10. Qd2 h6 11. Bf4 d6 12. Rb1 g5 13. Be3 Ng4 14. Bd4 Nxd4 15. Nxd4 a6 16. h3 Ne5 17. b3 e6 18. e4 b5 19. O-O Bb7 20. Rfd1 Qb6 21. a4 Nc6 22. Nf3 O-O 23. Ne2 Rad8 24. axb5 axb5 25. Nh2 Qc5 26. Nf1 Ne7 27. Qe3 Ng6 28. c3 Rc8 29. Rbc1 Rfd8 30. Rd2 Be5 31. Rcd1 Qxe3 32. Nxe3 h5 33. Rc2 Ra8 34. Nd4 Ra3 35. Rb2 Bxd4 36. Rxd4 Ne5 37. Rd1 Kf8 38. Nc2 Raa8 39. Nd4 Ba6 40. Ra2 Rdb8 41. Rda1 Bb7 42. Rxa8 Bxa8 43. b4 g4 44. hxg4 hxg4 45. Kf1 Bc6 46. Ra6 Be8 47. Ke1 Rc8 48. Kd2 Ke7 49. Bf1 Rb8 50. Kc2 Bd7 51. Be2 Rh8 52. Ra1 Rh2 53. Rf1 Nc4 54. Bxc4 bxc4 55. Kd2 Kd8 56. Ke3 Kc7 57. Ra1 Kb7 58. Nc2 Rh8 59. Kd4 Rc8 60. Ra5 e5+ 61. Ke3 f5 62. Rd5 Kc7 63. exf5 Bxf5 64. Na3 Kc6 65. Ra5 Kb6 66. Rd5 Kc6 67. Ra5 Bd3 68. Ra6+ Kb7 69. Rxd6 Ra8 70. Rxd3 cxd3 71. Nc4 Rf8 72. Kxd3 Rxf2 73. Nxe5 Rg2 74. Nxg4 Rxg3+ 75. Ne3 Kc6 1/2-1/2

[Event "1.FrauenBL 2018-19"]
[Site "Berlin"]
[Date "2019.03.03"]
[Round "11.8"]
[White "Boehm, Jana"]
[Black "Winterholler, Christina"]
[Result "0-1"]
[ECO "C78"]
[WhiteElo "2004"]
[BlackElo "2058"]
[Annotator "NA"]
[PlyCount "48"]
[EventDate "2018.10.27"]
[EventType "team-tourn"]
[EventCountry "GER"]
[SourceTitle "playchess.com"]
[Source "ChessBase"]
[SourceQuality "1"]
[WhiteTeam "SK Lehrte"]
[BlackTeam "Hofheim"]
[TimeControl "40/5400+30:1800+30"]

1. e4 e5 2. Nf3 Nc6 3. Bb5 a6 4. Ba4 Nf6 5. d3 b5 6. Bb3 h6 7. O-O Bc5 8. c3 O-O 9. Re1 d6 10. h3 Ba7 11. Nbd2 Ne7 12. Nf1 Ng6 13. Ng3 c6 14. a4 Bd7 15. Bd2 Qc8 16. Ra2 Bxh3 17. axb5 Bg4 18. bxc6 Nh4 19. Bd5 Nxd5 20. exd5 Bxf3 21. Qa4 Nxg2 22. Rea1 Qh3 23. Kf1 Nf4+ 24. Ke1 Nxd3# {[%emt 0:00:13] --- [%clk ] Nc1 [%clk ] Bxc1 [%clk ] Bd1 [%clk ] Qxd1 [%clk ] Bd2+ [%clk ]} 0-1

[Event "1.FrauenBL 2018-19"]
[Site "Berlin"]
[Date "2019.03.03"]
[Round "11.9"]
[White "Hoolt, Sarah"]
[Black "Mayrhuber, Nikola"]
[Result "1-0"]
[ECO "B12"]
[WhiteElo "2324"]
[BlackElo "1983"]
[Annotator "NA"]
[PlyCount "59"]
[EventDate "2018.10.27"]
[EventType "team-tourn"]
[EventCountry "GER"]
[SourceTitle "playchess.com"]
[Source "ChessBase"]
[SourceQuality "1"]
[WhiteTeam "Hamburger SK"]
[BlackTeam "FC Bayern Muenchen"]
[TimeControl "40/5400+30:1800+30"]

1. e4 c6 2. d4 d5 3. f3 e6 4. Nc3 Nf6 5. Bf4 Be7 6. Qd2 O-O 7. Nge2 b6 8. O-O-O Ba6 9. h4 Bc4 10. Ng3 b5 11. e5 Nfd7 12. Nh5 g6 13. Bxc4 bxc4 14. Ng3 c5 15. dxc5 Nxc5 16. Bh6 Re8 17. Qf4 Nc6 18. Nge4 Nxe4 19. Nxe4 Qc7 20. Nd6 Bxd6 21. exd6 Qd8 22. d7 Rf8 23. Bxf8 Qxf8 24. c3 Qd8 25. Qd6 Nb8 26. h5 Nxd7 27. hxg6 hxg6 28. Qh2 Qf6 29. Qh7+ Kf8 30. Qh8+ 1-0

[Event "1.FrauenBL 2018-19"]
[Site "Berlin"]
[Date "2019.03.03"]
[Round "11.9"]
[White "Georgescu, Lena"]
[Black "Shvayger, Yuliya"]
[Result "1/2-1/2"]
[ECO "B35"]
[WhiteElo "2185"]
[BlackElo "2368"]
[Annotator "NA"]
[PlyCount "63"]
[EventDate "2018.10.27"]
[EventType "team-tourn"]
[EventCountry "GER"]
[SourceTitle "playchess.com"]
[Source "ChessBase"]
[SourceQuality "1"]
[WhiteTeam "Karlsruher SF"]
[BlackTeam "SF Deizisau"]
[TimeControl "40/5400+30:1800+30"]

1. e4 c5 2. Nf3 Nc6 3. Nc3 g6 4. d4 cxd4 5. Nxd4 Bg7 6. Be3 Nf6 7. Bc4 O-O 8. Bb3 d5 9. exd5 Na5 10. O-O Nxb3 11. Nxb3 b6 12. d6 exd6 13. Bg5 Bb7 14. Qd2 Qd7 15. f3 Rfe8 16. Rad1 d5 17. Nd4 Rac8 18. Kh1 h5 19. Rfe1 Nh7 20. Bh6 Bh8 21. Nce2 Nf8 22. c3 Ne6 23. Nxe6 Rxe6 24. Nd4 Rxe1+ 25. Rxe1 Re8 26. Kg1 Ba6 27. Kf2 Kh7 28. Bf4 Bf6 29. Rxe8 Qxe8 30. Bg5 Bg7 31. Bf4 Bf6 32. Bg5 1/2-1/2

[Event "1.FrauenBL 2018-19"]
[Site "Berlin"]
[Date "2019.03.03"]
[Round "11.9"]
[White "Kushka, Alena"]
[Black "Manusina, Nicole"]
[Result "1/2-1/2"]
[ECO "D35"]
[WhiteElo "2158"]
[BlackElo "1988"]
[Annotator "NA"]
[PlyCount "53"]
[EventDate "2018.10.27"]
[EventType "team-tourn"]
[EventCountry "GER"]
[SourceTitle "playchess.com"]
[Source "ChessBase"]
[SourceQuality "1"]
[WhiteTeam "Hofheim"]
[BlackTeam "SK Lehrte"]
[TimeControl "40/5400+30:1800+30"]

1. d4 d5 2. c4 e6 3. Nc3 Be7 4. cxd5 exd5 5. Bf4 c6 6. e3 Nf6 7. Bd3 O-O 8. Nf3 Nbd7 9. h3 Re8 10. Qc2 Nf8 11. O-O Nh5 12. Bh2 g6 13. Rab1 Bd6 14. Bxd6 Qxd6 15. b4 f5 16. Ne5 f4 17. Ne2 Qf6 18. exf4 Nxf4 19. Nxf4 Qxf4 20. b5 Ne6 21. Nf3 Bd7 22. bxc6 Bxc6 23. Bb5 Rac8 24. Bxc6 bxc6 25. Rfd1 Re7 26. Qd2 Qf6 27. Re1 1/2-1/2

[Event "1.FrauenBL 2018-19"]
[Site "Berlin"]
[Date "2019.03.03"]
[Round "11.10"]
[White "Dirmeier, Carolin"]
[Black "Osmanodja, Filiz"]
[Result "1/2-1/2"]
[ECO "C45"]
[WhiteElo "1938"]
[BlackElo "2326"]
[Annotator "NA"]
[PlyCount "62"]
[EventDate "2018.10.27"]
[EventType "team-tourn"]
[EventCountry "GER"]
[SourceTitle "playchess.com"]
[Source "ChessBase"]
[SourceQuality "1"]
[WhiteTeam "FC Bayern Muenchen"]
[BlackTeam "Hamburger SK"]
[TimeControl "40/5400+30:1800+30"]

1. e4 e5 2. Nf3 Nc6 3. d4 exd4 4. Nxd4 Nf6 5. Nxc6 bxc6 6. e5 Qe7 7. Qe2 Nd5 8. c4 Nb6 9. b3 Qe6 10. Bb2 a5 11. a3 Ba6 12. Nd2 Be7 13. Qe4 Qg6 14. Qf3 h5 15. h3 h4 16. Bd3 Qh5 17. Qe4 Rh6 18. O-O Re6 19. Qd4 d6 20. f4 dxe5 21. fxe5 Rd8 22. Qc3 Bc5+ 23. Kh1 Bd4 24. Qc2 Bxb2 25. Rf5 Qh6 26. Raf1 Rd7 27. Ne4 Bxe5 28. Nc5 g6 29. R5f3 Red6 30. Nxa6 Rd4 31. Nc5 Re7 1/2-1/2

[Event "1.FrauenBL 2018-19"]
[Site "Berlin"]
[Date "2019.03.03"]
[Round "11.11"]
[White "Fuchs, Judith"]
[Black "Stangl, Anita"]
[Result "1-0"]
[ECO "A84"]
[WhiteElo "2256"]
[BlackElo "2008"]
[Annotator "NA"]
[PlyCount "63"]
[EventDate "2018.10.27"]
[EventType "team-tourn"]
[EventCountry "GER"]
[SourceTitle "playchess.com"]
[Source "ChessBase"]
[SourceQuality "1"]
[WhiteTeam "Hamburger SK"]
[BlackTeam "FC Bayern Muenchen"]
[TimeControl "40/5400+30:1800+30"]

1. d4 e6 2. Bf4 d5 3. e3 f5 4. c4 c6 5. Nc3 Nf6 6. Bd3 Be7 7. h3 O-O 8. Nf3 Ne4 9. Qb3 b6 10. cxd5 cxd5 11. Ne5 Bf6 12. Rc1 Nxc3 13. Rxc3 Nd7 14. Bxf5 Nxe5 15. dxe5 Bh4 16. Bb1 Ba6 17. Qa4 Bc4 18. g3 g5 19. Qc2 Rf7 20. Rg1 gxf4 21. gxh4+ Kf8 22. Rg4 f3 23. Qc1 h5 24. Rg5 Rg7 25. e4 Qe7 26. Rxf3+ Rf7 27. Rxf7+ Qxf7 28. b3 Ba6 29. Qa3+ Ke8 30. Qxa6 Qf3 31. Rg8+ Ke7 32. Qa3+ 1-0

[Event "1.FrauenBL 2018-19"]
[Site "Berlin"]
[Date "2019.03.03"]
[Round "11.12"]
[White "Spiel, Marianne"]
[Black "Zahn, Alina"]
[Result "1/2-1/2"]
[ECO "C67"]
[WhiteElo "1901"]
[BlackElo "2117"]
[Annotator "NA"]
[PlyCount "64"]
[EventDate "2018.10.27"]
[EventType "team-tourn"]
[EventCountry "GER"]
[SourceTitle "playchess.com"]
[Source "ChessBase"]
[SourceQuality "1"]
[WhiteTeam "FC Bayern Muenchen"]
[BlackTeam "Hamburger SK"]
[TimeControl "40/5400+30:1800+30"]

1. e4 e5 2. Nf3 Nc6 3. Bb5 Nf6 4. O-O Nxe4 5. Qe2 Nd6 6. Nxe5 Be7 7. Ba4 Nxe5 8. Qxe5 O-O 9. d4 Re8 10. c3 Bf6 11. Qh5 g6 12. Qf3 Nf5 13. Bf4 c6 14. d5 Nh4 15. Qd3 b5 16. Bb3 Bb7 17. Nd2 a5 18. a3 a4 19. Ba2 Ba6 20. Ne4 b4 21. Bc4 cxd5 22. Qxd5 Bxc4 23. Qxc4 d5 24. Nxf6+ Qxf6 25. Qxb4 Re4 26. Qb7 Qxf4 27. Qxa8+ Kg7 28. Qxd5 Qg4 29. g3 Nf3+ 30. Kg2 Nh4+ 31. Kg1 Nf3+ 32. Kg2 Nh4+ 1/2-1/2